 Dungeon Crawl Stone Soup version 0.21-a0-243-g597973d (webtiles) character file.

4 Pippin the Insei (level 1, -6/12 HPs)
             Began as a Tengu Wanderer on Sept 4, 2017.
             Mangled by a gnoll
             ... wielding a +0 spear
              (9 damage)
             ... on level 1 of the Dungeon.
             The game lasted 00:01:56 (455 turns).

Pippin the Insei (Tengu Wanderer)                    Turns: 455, Time: 00:01:56

Health: -6/12      AC:  2    Str: 11    XL:     1   Next: 60%
Magic:  2/2        EV: 12    Int: 13    God:
Gold:   77         SH:  4    Dex: 13    Spells: 0/0 levels left

rFire    . . .     SeeInvis .   f - +0 dagger
rCold    . . .     Gourm    .   d - +0 buckler
rNeg     . . .     Faith    .   e - +0 robe
rPois    .         Spirit   .   (helmet restricted)
rElec    .         Reflect  .   (no cloak)
rCorr    .         Harm     .   (no gloves)
MR       .....                  (boots unavailable)
Stlth    +.........             (no amulet)
HPRegen  0.04/turn              (no ring)
MPRegen  0.08/turn              (no ring)

@: no status effects
A: beak, talons 3
a: no special abilities


You were on level 1 of the Dungeon.
You were not hungry.

You visited 1 branch of the dungeon, and saw 1 of its levels.

You collected 77 gold pieces.

Inventory:

Hand Weapons
 f - a +0 dagger (weapon)
Armour
 d - a +0 buckler (worn)
 e - a +0 robe (worn)
Scrolls
 h - a scroll of magic mapping {unknown}
 i - a scroll of enchant armour {unknown}
Potions
 a - 2 potions of berserk rage
 b - a potion of haste
 c - a potion of lignification
Comestibles
 g - 2 bread rations


   Skills:
 + Level 1.1 Fighting
   Level 2.1 Axes
 - Level 1.1 Armour
 - Level 2.1 Dodging
 - Level 1.0 Shields
 - Level 3.2 Unarmed Combat
   Level 1.0 Evocations


You couldn't memorise any spells.
You didn't know any spells.

Dungeon Overview and Level Annotations

Branches:
Dungeon (1/15)

Altars:


Innate Abilities, Weirdness & Mutations

You have a beak for a mouth.
You have claws for feet.


Message History

You are too injured to fight recklessly!
You are too injured to fight recklessly!
You are too injured to fight recklessly!
You are too injured to fight recklessly!
You are too injured to fight recklessly!
You are too injured to fight recklessly!
You are too injured to fight recklessly!
You are too injured to fight recklessly!
You are too injured to fight recklessly!
You are too injured to fight recklessly!
You are too injured to fight recklessly!
You are too injured to fight recklessly!
You are too injured to fight recklessly!
You are too injured to fight recklessly!
Your shield prevents you from hitting the gnoll.
Your kick misses the gnoll.
The gnoll is severely wounded.
The gnoll hits you with a spear!
Ouch! That really hurt!
You die...

####### # #g....# ###
#@# ..# #.####### #.#
#######........
..########.............#
.......................#
.#########....^.........
...#.......###########.#
.......##### . +#.....#


You could see a gnoll.

Vanquished Creatures
  A bat (D:1)
  A hobgoblin (D:1)
  A kobold (D:1)
  A rat (D:1)
4 creatures vanquished.

Notes
Turn   | Place    | Note
-------+----------+-------------------------------------------
     0 | D:1      | Pippin the Tengu Wanderer began the quest for the Orb.
     0 | D:1      | Pippin set off with: a potion of berserk rage, a potion of haste, a potion of lignification, a +0 buckler, a +0 robe, a +0 dagger, a bread ration
     0 | D:1      | Reached XP level 1. HP: 10/10 MP: 2/2
    23 | D:1      | Noticed a crocodile
    23 | D:1      | Noticed a black mamba
    23 | D:1      | Noticed a polar bear
   154 | D:1      | Reached skill level 1 in Fighting
   455 | D:1      | Mangled by a gnoll

Vault maps used:
D:1:      onia_arrival_zoo_common, serial_bayou_pond_c

Skill      XL: |  1 |
---------------+----+-----
Fighting       | 1 |  1.1
Axes           | |  2.1
Armour         | |  1.1
Dodging        | |  2.1
Shields        | |  1.0
Unarmed Combat | |  3.2
Evocations     | |  1.0

Action                   || total
-------------------------++-------
Melee: Dagger            ||    17
       Kick              ||     1
       Peck              ||     1
 Stab: Sleeping          ||     1
Dodge: Dodged            ||     7
Block: Buckler           ||     4

Table legend:
 A = Spawn XP
 B = Non-spawn XP
 C = Spawn XP percentage of total XP
 D = Spawn monster count
 E = Non-spawn monster count
 F = Spawn count percentage of total count
 G = Total turns spent on level
                    A         B        C        D         E        F      G
               +---------+---------+-------+---------+---------+-------+---------
         Total |       0 |       6 |   0.0 |       0 |       4 |   0.0 |   455
               +---------+---------+-------+---------+---------+-------+---------
           D:1 |       0 |       6 |   0.0 |       0 |       4 |   0.0 |   455
               +---------+---------+-------+---------+---------+-------+---------
